AoeStats
← juanmorenosalamanca

Scandinavia

510508690Analyzed
1v1 RM · 2d ago on Oct 1, 2026· 42m 25s· 2 players
Game mode
Random Map
Map size
Tiny (2 player)
Population
200
Speed
Normal
Resources
Standard
Victory
Conquest
Starting age
Dark Age
Ending age
Imperial Age
RankedLock teamsTeams togetherTeam positionsShared explorationLock speedFull tech treeHidden civsTurbo modeCheats
Victory
Defeat
1152
+17
🇬🇧 Varangians · United Kingdom
1169
-17
juanmorenosalamanca
7:35 Loom
12:12 Feudal Age
15:52 Castle Age
14:34 Double-Bit Axe
16:03 Horse Collar
17:31 Fletching
19:14 Bodkin Arrow
23:32 Ballistics
28:09 Bow Saw
28:04 Heavy Plow
37:14 Imperial Age
38:22 Elite Rattan Archer
39:49 Bracer
39:50 Padded Archer Armor
41:27 Gold Mining
Hogshine
9:55 Feudal Age
10:05 Loom
10:47 Double-Bit Axe
14:32 Horse Collar
18:53 Castle Age
17:40 Bloodlines
17:26 Fishing Lines
20:06 Bow Saw
20:12 Heavy Plow
21:51 Husbandry
22:15 Scale Barding Armor
28:04 Town Watch
29:40 Chain Barding Armor
34:29 Imperial Age
34:08 Forging
36:08 Plate Barding Armor
39:29 Cavalier
Connection lost

Rejoining the realm…

Still unreachable

The connection could not be restored.

Session expired

The server has moved on; the page needs a fresh start.